 Dungeon Crawl Stone Soup version 0.21.1-1-g345015f (webtiles) character file.

30 shakethe the Ducker (level 3, 28/28 HPs)
             Began as a Merfolk Gladiator on Feb 26, 2018.
             Quit the game on level 1 of the Dungeon.
             The game lasted 00:00:49 (881 turns).

shakethe the Ducker (Merfolk Gladiator)              Turns: 881, Time: 00:00:49

Health: 28/28      AC:  6    Str: 14    XL:     3   Next: 20%
Magic:  4/4        EV: 12    Int:  8    God:
Gold:   63         SH:  0    Dex: 15    Spells: 4/4 levels left

rFire    . . .     SeeInvis .   a - +0 war axe
rCold    . . .     Gourm    .   (no shield)
rNeg     . . .     Faith    .   g - +0 ring mail
rPois    .         Spirit   .   c - +0 helmet
rElec    .         Reflect  .   (no cloak)
rCorr    .         Harm     .   (no gloves)
MR       .....                  (no boots)
Stlth    +.........             (no amulet)
HPRegen  0.09/turn              (no ring)
MPRegen  0.09/turn              (no ring)

@: no status effects
A: change form in water, swift swim, stealthy swim
a: no special abilities


You were on level 1 of the Dungeon.
You were not hungry.

You visited 1 branch of the dungeon, and saw 1 of its levels.

You collected 63 gold pieces.

Inventory:

Hand Weapons
 a - a +0 war axe (weapon)
Missiles
 d - 3 throwing nets {=f, !d}
Armour
 b - a +0 leather armour
 c - a +0 helmet (worn)
 g - a +0 ring mail (worn)
   (You found it on level 1 of the Dungeon)
Scrolls
 e - 2 scrolls of identify {unknown}
 i - 2 scrolls of fog {unknown}
 l - a scroll of fear {unknown}
 m - 3 scrolls of noise {unknown}
Potions
 h - a potion of haste {unknown}
 j - a potion of flight {unknown}
 k - a potion of degeneration {unknown}
 n - a potion of heal wounds {unknown}
Comestibles
 f - 3 rations


   Skills:
 + Level 2.6 Fighting
 * Level 3.0 Axes
 - Level 2.0 Throwing
 - Level 4.0 Dodging
 + Level 1.0 Spellcasting


You had 4 spell levels left.
You didn't know any spells.

Dungeon Overview and Level Annotations

Branches:
Dungeon (1/15)

Altars:


Message History

The leopard gecko bites you but does no damage.
The goblin barely misses you.
You take 2 damage, and have 26/28 hp.
You hit the leopard gecko but do no damage.
You slash the goblin!
You kill the goblin!
The leopard gecko closely misses you. The leopard gecko bites you.
You take 1 damage, and have 25/28 hp.
You barely miss the leopard gecko. The leopard gecko barely misses you.
You slash the leopard gecko!
You kill the leopard gecko!
No target in view!
No target in view!
You now have 50 gold pieces (gained 11).
m - a scroll labeled PAONET DUBRE No target in view!
No target in view!
No target in view!
No target in view!
No target in view!
No target in view!
No target in view!
No target in view!
n - a fizzy ruby potion No target in view!
No target in view!
No target in view!
No target in view!
No target in view!
No target in view!
No target in view!
No target in view!
No target in view!
No target in view!
A frilled lizard comes into view.
The frilled lizard hisses angrily.
Health restored: 28 The frilled lizard barely misses you.
You barely miss the frilled lizard. The frilled lizard closely misses you.
You miss the frilled lizard. The frilled lizard misses you.
The frilled lizard bites you.
You take 2 damage, and have 26/28 hp.
You barely miss the frilled lizard. The frilled lizard bites you.
You take 2 damage, and have 24/28 hp.
You closely miss the frilled lizard. The frilled lizard barely misses you.
You barely miss the frilled lizard.
The frilled lizard bites you but does no damage. x2
You hit the frilled lizard.
You kill the frilled lizard!
Your Spellcasting skill increases to level 1!
No target in view!
No target in view!
No target in view!
No target in view!
A rat comes into view.
The rat bites you but does no damage.
You hit the rat. The rat closely misses you.
You barely miss the rat. The rat bites you. x2
You take 5 damage, and have 20/28 hp.
You slash the rat!
You kill the rat!
No target in view!
No target in view!
No target in view!
No target in view!
No target in view!
No target in view!
No target in view!
No target in view!
m - 3 scrolls labeled PAONET DUBRE (gained 2)
You open the door.
There is an open door here.
As you open the door, it creaks loudly!
There is an open door here.
You now have 63 gold pieces (gained 13).
There is an open door here.
You see here a leather armour.
Your legs become a tail as you enter the water.
You see here a stone.
You see here 2 stones.
A hobgoblin comes into view. It is wielding a club.
The hobgoblin shouts!
The hobgoblin hits you but does no damage.
You slash the hobgoblin!
You kill the hobgoblin!
No target in view!
No target in view!
No target in view!
No target in view!
Health restored: 28 No target in view!
No target in view!
Things that are here:
a club; a hobgoblin corpse No target in view!
No target in view!
No target in view!
No target in view!
No target in view!
Unknown command.

≈≈≈.≈≈≈≈...#
≈≈≈.≈≈≈≈...#
≈≈≈.≈≈≈≈...# ###
≈≈≈.≈≈≈≈...# ..#
≈≈≈.≈≈≈≈...# #.#
≈≈≈.≈≈≈≈..(# #.#
≈≈...≈≈P...# #.#
...........# #.#
...<.......# #@#
...........#####.#
≈≈...≈≈P.((......#
≈≈≈.≈≈≈≈....######
≈≈≈.≈≈≈≈....#
≈≈≈.≈≈≈≈....#
≈≈≈.≈≈≈≈....#
≈≈≈.≈≈≈≈.>..#######
≈≈≈.≈≈≈≈..)........


There were no monsters in sight!

Vanquished Creatures
  A dart slug (D:1)
  2 leopard geckos (D:1)
  3 goblins (D:1)
  3 hobgoblins (D:1)
  3 jackals (D:1)
  4 bats (D:1)
  A frilled lizard (D:1)
  4 kobolds (D:1)
  6 rats (D:1)
27 creatures vanquished.

Notes
Turn   | Place    | Note
-------+----------+-------------------------------------------
     0 | D:1      | shakethe the Merfolk Gladiator began the quest for the Orb.
     0 | D:1      | Reached XP level 1. HP: 16/16 MP: 1/1
   257 | D:1      | Reached XP level 2. HP: 17/23 MP: 2/2
   572 | D:1      | Reached skill level 3 in Axes
   572 | D:1      | Reached XP level 3. HP: 28/28 MP: 4/4
   668 | D:1      | Reached skill level 1 in Spellcasting
   881 | D:1      | Quit the game

Skill      XL: |  1  2  3 |
---------------+----------+-----
Axes           | 3 |  3.0
Spellcasting   | 1 |  1.0
Fighting       | |  2.6
Throwing       | |  2.0
Dodging        | |  4.0

Action                   || total
-------------------------++-------
Melee: War axe           ||    72
Armor: Ring mail         ||    34
Dodge: Dodged            ||    68

Vault maps used:
D:1:      giann_bridges

Table legend:
 A = Turns spent in this place as a percentage of turns spent in the entire game.
 B = Non-inter-level travel turns spent in this place as a percentage of non-inter-level travel turns spent in the entire game.
 C = Inter-level travel turns spent in this place as a percentage of turns spent in this place.
 D = Turns resting spent in this place as a percentage of non-inter-level travel turns spent in this place.
 E = Turns spent auto-exploring this place as a percentage of non-inter-level travel turns spent in this place.
 F = Non-inter-level travel turns spent in this place divided by the number of levels of this place that you've seen.
                   A       B       C       D       E      F
               +-------+-------+-------+-------+-------+----------------------
         Total | 100.0 | 100.0 |   0.0 |  11.5 |  70.4 | 881.0
       Dungeon | 100.0 | 100.0 |   0.0 |  11.5 |  70.4 | 881.0
               +-------+-------+-------+-------+-------+----------------------

Table legend:
 A = Kills in this place as a percentage of kills in entire the game.
 B = Kills by you in this place as a percentage of kills by you in the entire game.
 C = Kills by friends in this place as a percentage of kills by friends in the entire game.
 D = Other kills in this place as a percentage of other kills in the entire game.
 E = Experience gained in this place as a percentage of experience gained in the entire game.
 F = Experience gained in this place divided by the number of levels of this place that you have seen.
                   A       B       C       D       E      F
               +-------+-------+-------+-------+-------+----------------------
         Total | 100.0 | 100.0 |   N/A |   N/A | 100.0 |  44.0
       Dungeon | 100.0 | 100.0 |   N/A |   N/A | 100.0 |  44.0
               +-------+-------+-------+-------+-------+----------------------
